 Dungeon Crawl Stone Soup version 0.28-b1-1-g3c77fb2ed1 (webtiles) character file.

Game seed: 12866144420657385038

19 Zonian the Magician (level 2, -3/21 HPs)
             Began as a Djinni Ice Elementalist on Jan 30, 2022.
             Was a Follower of Cheibriados.
             Slain by a gnoll (8 damage)
             ... on level 3 of the Dungeon.
             The game lasted 00:03:17 (1726 turns).

Zonian the Magician (Djinni Ice Elementalist)       Turns: 1726, Time: 00:03:18

Health: -3/21      AC:  3    Str: 10    XL:     2   Next: 95%
Gold:   52         EV: 13    Int: 19    God:    Cheibriados [*.....] SH:  5 Dex: 22

rFire   + + .      SeeInvis .   e - +0 dagger
rCold   x . .      Faith    .   (no shield)
rNeg    . . .      Spirit   .   a - +1 robe
rPois   ∞          Reflect  +   (no helmet)
rElec   .          Harm     .   (no cloak)
rCorr   .          Rampage  .   (no gloves)
Will    .....                   (boots unavailable)
Stlth   ++........              g - amulet of reflection
HPRegen 0.07/turn               c - +6 ring of dexterity
MPRegen 0.00/turn               (no ring)

@: flying, very slow
A: sickness immunity, fire resistance 2, cold vulnerability 1, float, innate
caster, hp casting, extra vitality 1
a: Renounce Religion, Bend Time


You were on level 3 of the Dungeon.
You worshipped Cheibriados.
Cheibriados was aware of your devotion.
You visited 1 branch of the dungeon, and saw 3 of its levels.

You collected 52 gold pieces.

Inventory:

Hand Weapons
 e - a +0 dagger (weapon)
 j - a +0 whip
Missiles
 d - 6 sling bullets
Armour
 a - a +1 robe (worn)
Jewellery
 c - a +6 ring of dexterity (left hand)
 g - an amulet of reflection (around neck)
Potions
 i - a potion of degeneration {unknown}


   Skills:
 * Level 0.2 Fighting
 + Level 2.3 Dodging
 + Level 1.6 Stealth
 + Level 3.7 Spellcasting


You couldn't memorise any spells.
You knew the following spells:

 Your Spells              Type           Power      Damage    Failure   Level
a - Freeze                Ice            68%        1d8       3%          1
b - Frozen Ramparts       Ice            34%        1d5       9%          3
c - Ozocubu's Armour      Ice            17%        N/A       9%          3
d - Hailstorm             Conj/Ice       17%        3d6       30%         4
Your spell library was empty.

Dungeon Overview and Level Annotations

Branches:
Dungeon (3/15)

Altars:
Cheibriados


Innate Abilities, Weirdness & Mutations

You are immune to sickness and miasma.
You are immune to poison.
Your flesh is very heat resistant. (rF++)
You are vulnerable to cold. (rC-)
You float through the air rather than walking.
You learn spells naturally, not from books.
Your magical power is your life essence.
You have superior vitality. (+4 MHP)


Message History

Your extra speed is starting to run out.
You feel yourself slow down. The gnoll completely misses you.
Found a stone staircase leading down.
You block the gnoll's attack.
There is a stone staircase leading down here.
The gnoll hits you with a +0 flail.
You fly downwards.
Found 8 gold pieces, a sapphire potion and a white potion.
There is a stone staircase leading up here.
Casting: Freeze (safe; 3% risk of failure)
Confirm with . or Enter, or press ? or * to list all spells.
Aiming: Freeze (safe; 3% risk of failure)
Press: ? - help, Shift-Dir - straight line, f - gnoll
Aim: a gnoll, wielding a +0 flail You freeze the gnoll.
The gnoll is moderately wounded.
The gnoll hits you with a +0 flail!
* * * LOW HITPOINT WARNING * * *
It was a potion of curing.
You feel better. The gnoll hits you with a +0 flail.
* * * LOW HITPOINT WARNING * * *
Casting: Freeze (safe; 3% risk of failure)
Confirm with . or Enter, or press ? or * to list all spells.
Aiming: Freeze (safe; 3% risk of failure)
Press: ? - help, Shift-Dir - straight line, f/p - gnoll
Aim: a gnoll, wielding a +0 flail (moderately wounded)
You freeze the gnoll.
The gnoll is heavily wounded.
* * * LOW HITPOINT WARNING * * *
The gnoll barely misses you.
Casting: Freeze (safe; 3% risk of failure)
Confirm with . or Enter, or press ? or * to list all spells.
Aiming: Freeze (safe; 3% risk of failure)
Press: ? - help, Shift-Dir - straight line, f/p - gnoll
Aim: a gnoll, wielding a +0 flail (heavily wounded)
You freeze the gnoll.
The gnoll is severely wounded.
* * * LOW HITPOINT WARNING * * *
The gnoll hits you with a +0 flail!
You die...

#.
#...####
#.$..g@#
#!...###
#... #!.
#. #


You could see a gnoll.

Vanquished Creatures
  A dart slug (D:1)
  4 bats (D:1)
  2 endoplasms (D:1)
  A giant cockroach (D:1)
  A hobgoblin (D:1)
  2 kobolds (D:1)
  A quokka (D:2)
  4 frilled lizards (D:1)
  A rat (D:1)
17 creatures vanquished.

Notes
Turn   | Place    | Note
-------+----------+-------------------------------------------
     0 | D:1      | Zonian the Djinni Ice Elementalist began the quest for the
                  | Orb.
     0 | D:1      | Reached XP level 1. HP: 15/15 MP: 0/0
   405 | D:1      | Found a faded altar of an unknown god.
   410 | D:1      | Reached XP level 2. HP: 18/21 MP: 0/0
   422 | D:1      | Prayed at the altar of an unknown god.
   422 | D:1      | Became a worshipper of Cheibriados the Contemplative
   422 | D:1      | Reached * piety under Cheibriados
  1623 | D:1      | You are sucked into a shaft and drop 1 floor!
  1726 | D:3      | Slain by a gnoll

Illustrated notes

Levels and vault maps discovered:
D:1:      enne_arrival_octagon_isle, layout_rooms,
          chequers_ecumenical_altar_simple_redux,
          chequers_serial_rivers_large_a, minmay_cut_off
D:2:      layout_loops_corners, serial_undead, serial_undead_e, serial_undead_e,
          serial_undead_d, serial_undead_d, serial_undead_d,
          uniq_crazy_yiuf_cottage, uniq_terence
D:3:      layout_basic, minitemple, serial_shops, nicolae_shop_behind_doors,
          nicolae_shop_hallway_stairs, minmay_misc_feat_encased, minmay_unequal,
          uniq_robin

Action                   || total
-------------------------++-------
Melee: Unarmed           ||     1
       Dagger            ||     8
 Cast: Freeze            ||    25
  Use: Scroll            ||     2
       Potion            ||     2
 Stab: Sleeping          ||     2
Armor: Robe              ||     5
Dodge: Dodged            ||    29
Block: Other             ||     4
